 Dungeon Crawl Stone Soup version 0.29.1-2-gbd0b4ee654 (webtiles) character file.

Game seed: 15816765761079633971

175 llahlahkje the Trooper (level 5, -7/41 HPs)
             Began as a Demonspawn Fighter on Nov 16, 2022.
             Was an Initiate of Yredelemnul.
             Mangled by Edmund
             ... wielding a +1 dire flail of protection
              (10 damage)
             ... on level 4 of the Dungeon.
             The game lasted 00:13:49 (2876 turns).

llahlahkje the Trooper (Demonspawn Fighter)         Turns: 2876, Time: 00:13:50

Health: -7/41      AC:  8    Str: 18    XL:     5   Next: 29%
Magic:  5/5        EV:  9    Int: 10    God:    Yredelemnul [......]
Gold:   114        SH:  4    Dex: 10    Spells: 4/4 levels left

rFire   . . .      SeeInvis .   e - +4 dagger (flame)
rCold   . . .      Faith    .   c - +0 buckler
rNeg    . . .      Spirit   .   b - +0 scale mail
rPois   .          Reflect  .   (no helmet)
rElec   .          Harm     .   (no cloak)
rCorr   .          Rampage  .   (no gloves)
Will    .....                   (no boots)
Stlth   ..........              (no amulet)
HPRegen 0.13/turn               (no ring)
MPRegen 0.09/turn               (no ring)

@: no status effects
A: molten scales 1, clumsy 1
a: Renounce Religion, Recall Undead Harvest


You were on level 4 of the Dungeon.
You worshipped Yredelemnul.
Yredelemnul was noncommittal.
You visited 1 branch of the dungeon, and saw 4 of its levels.

You collected 114 gold pieces.

Inventory:

Hand Weapons
 a - a +0 trident
 e - a +4 dagger of flaming (weapon)
 g - a +0 falchion of electrocution
Armour
 b - a +0 scale mail (worn)
 c - a +0 buckler (worn)
Scrolls
 d - a scroll of teleportation
Potions
 f - 2 potions of ambrosia


   Skills:
 + Level 3.6 Fighting
 * Level 2.7 Short Blades
 - Level 1.7 Polearms
 + Level 3.4 Armour
 + Level 1.1 Dodging
 + Level 0.1 Stealth
 + Level 3.2 Shields


You had 4 spell levels left.
You didn't know any spells.
Your spell library contained the following spells:

 Spells                   Type           Power      Damage    Failure   Level
 Dazzling Flash           Conj/Hex       0%         N/A       99%         3
 Iskenderun's Mystic Bla  Conj/Tloc      0%         2d3       100%        4
 Starburst                Conj/Fire      0%         6d3       100%        6


Dungeon Overview and Level Annotations

Branches:
Dungeon (4/15)
 Temple: D:4-7

Altars:
Cheibriados
Yredelemnul

Annotations:
D:4 Edmund


Innate Abilities, Weirdness & Mutations

You are partially covered in molten scales. (AC +2)
You are clumsy. (Dex -2)


Message History

You hit Edmund. You burn Edmund.
Edmund is lightly wounded.
Your giant cockroach zombie bites Edmund.
Edmund hits you with a +1 dire flail of protection!
You hit Edmund but do no damage.
Edmund is lightly wounded.
Your giant cockroach zombie bites Edmund.
Your giant cockroach zombie closely misses Edmund.
Edmund hits your giant cockroach zombie with a +1 dire flail of protection.
You hit Edmund but do no damage.
Edmund is lightly wounded.
Your giant cockroach zombie closely misses Edmund.
Your giant cockroach zombie barely misses Edmund.
Edmund hits you with a +1 dire flail of protection.
Your giant cockroach zombie bites Edmund but does no damage. x2
Edmund hits your giant cockroach zombie with a +1 dire flail of protection!
Your giant cockroach zombie is destroyed!
Your giant cockroach zombie bites Edmund but does no damage.
You hit Edmund but do no damage.
Edmund is lightly wounded.
Edmund hits you with a +1 dire flail of protection!
* * * LOW HITPOINT WARNING * * *
You hit Edmund but do no damage.
Edmund is lightly wounded.
Your giant cockroach zombie closely misses Edmund.
Edmund hits you with a +1 dire flail of protection.
* * * LOW HITPOINT WARNING * * *
Unknown command.
You hit Edmund. You burn Edmund.
Edmund is lightly wounded.
Your giant cockroach zombie misses Edmund.
Edmund hits you with a +1 dire flail of protection.
* * * LOW HITPOINT WARNING * * *
Your hobgoblin zombie hits Edmund but does no damage.
You hit Edmund but do no damage.
Edmund is lightly wounded.
Your giant cockroach zombie closely misses Edmund.
Edmund hits you with a +1 dire flail of protection!
You die...
Your body rises from the dead as a mindless zombie.

#........## ##..##...#
..)#....## #....#...#
..###...# ##....#...# ##
#Z..## ##.........##..
#....###.............# #
#...................## #
##Z.....................
.###.######....Z...........
.....# #...Z@@.......####
#....# #.......#......#
#Z#..# #.......####.##..
..##..# #..##....# ## ##
.####..#..# #...## .# #...#
..... .# ..## ...... .#
.#...#####.. #.# ..


You could see Edmund (ally target), a friendly giant cockroach zombie and a
friendly hobgoblin zombie.

Vanquished Creatures
  A hound (D:4)
  An orc wizard (D:3)
  4 adders
  2 adder zombies (D:3)
  A worm (D:3)
  3 dart slugs
  4 orcs (D:3)
  4 bats (D:2)
  3 endoplasms (D:1)
  2 giant cockroaches (D:4)
  7 goblins
  2 hobgoblins
  8 jackals (D:3)
  3 quokkas
  6 ball pythons
  A frilled lizard (D:1)
  5 kobolds
  A quokka zombie (D:3)
  7 rats
65 creatures vanquished.

Vanquished Creatures (others)
  An adder zombie (D:4)
  A giant cockroach zombie (D:4)
2 creatures vanquished.

Grand Total: 67 creatures vanquished

Notes
Turn   | Place    | Note
-------+----------+-------------------------------------------
     0 | D:1      | llahlahkje the Demonspawn Fighter began the quest for the
                  | Orb.
     0 | D:1      | Reached XP level 1. HP: 18/18 MP: 1/1
   278 | D:1      | Gained mutation: You are partially covered in molten
                  | scales. (AC +2) [demonic ancestry]
   278 | D:1      | Reached XP level 2. HP: 3/24 MP: 2/2
  1035 | D:1      | Reached skill level 1 in Short Blades
  1225 | D:2      | Gained mutation: You are clumsy. (Dex -2) [potion of
                  | mutation]
  1310 | D:2      | Found a snail-covered altar of Cheibriados.
  1420 | D:2      | Reached XP level 3. HP: 27/29 MP: 3/3
  1456 | D:2      | Found a faded altar of an unknown god.
  1972 | D:3      | Reached XP level 4. HP: 11/35 MP: 4/4
  2452 | D:3      | Found a basalt altar of Yredelemnul.
  2467 | D:3      | Became a worshipper of Yredelemnul the Dark
  2585 | D:4      | Reached skill level 1 in Dodging
  2618 | D:4      | Reached XP level 5. HP: 34/41 MP: 5/5
  2863 | D:4      | Noticed Edmund
  2876 | D:4      | Mangled by Edmund

Illustrated notes

Levels and vault maps discovered:
D:1:      onia_arrival_pyramid, layout_basic, minmay_ruptured
D:2:      layout_loops_corners, nicolae_ecumenical_oubliette, basic_altar
D:3:      layout_rooms, nicolae_yredelemnul_corpse_copse
D:4:      layout_layer_cave, serial_bayou_pond_c, uniq_grinder, uniq_edmund

Skill      XL: |  1  2  3  4 |
---------------+-------------+-----
Shields        | 3 |  3.2
Short Blades   | 1 2 |  2.7
Armour         | 3 |  3.4
Dodging        | 1 |  1.1
Fighting       | |  3.6
Polearms       | |  1.7
Stealth        | |  0.1

Action                   |  1- 3 |  4- 6 || total
-------------------------+-------+-------++-------
Melee: Dagger            |    91 |    89 ||   180
       Trident           |     7 |       ||     7
  Use: Potion            |     7 |     1 ||     8
       Scroll            |     5 |     5 ||    10
 Stab: Distracted        |       |     1 ||     1
Armor: Scale mail        |    79 |    33 ||   112
Dodge: Dodged            |    57 |    34 ||    91
Block: Buckler           |    26 |    15 ||    41
